 Dungeon Crawl Stone Soup version 0.26-a0-70-g31f1466007 (webtiles) character file.

Game seed: 5091882427621285898

156068 sanka the Gelid (level 17, -13/142 HPs)
             Began as a Barachi Ice Elementalist on June 11, 2020.
             Was a High Priest of Vehumet.
             Shot with an arrow by a deep elf archer (18 damage)
             ... on level 1 of the Elven Halls on June 13, 2020.
             The game lasted 01:52:01 (36500 turns).

sanka the Gelid (Barachi Ice Elementalist)         Turns: 36500, Time: 01:52:01

Health: -13/142    AC: 10    Str: 10    XL:     17   Next: 66%
Magic:  16/34      EV: 25    Int: 23    God:    Vehumet [*****.]
Gold:   927        SH: 13    Dex: 19    Spells: 15/42 levels left

rFire    + . .     SeeInvis .   b - +3 sling "Punk" {acid, rCorr}
rCold    . . .     Gourm    .   K - +2 buckler
rNeg     . . .     Faith    .   D - +2 robe {rC+ rF+}
rPois    .         Spirit   .   X - +2 helmet {Int+3}
rElec    +         Reflect  +   H - +1 cloak
rCorr    +         Harm     .   T - +0 pair of gloves
MR       +....                  (no boots)
Stlth    +++.......             Q - amulet of Yseuwk {Reflect rElec rC- Dex+4 Slay+5 SH+5}
HPRegen  0.33/turn              N - ring of Noehamum {+Blink Stlth+}
MPRegen  0.24/turn              M - +4 ring of slaying

@: no potions, starving, slowed, very slow
A: +LOS, swims, slowness 1, strong legs 2
a: Hop, Renounce Religion, Evoke Blink


You were on level 1 of the Elven Halls.
You worshipped Vehumet.
Vehumet was extremely pleased with you.
You were starving.

You visited 5 branches of the dungeon, and saw 25 of its levels.
You also visited: Desolation.

You collected 2402 gold pieces.
You spent 1475 gold pieces at shops.


Innate Abilities, Weirdness & Mutations

You can be seen from farther away. (+LOS)
You can swim through water.
You cover ground slowly.
You can hop long distances.


   Skills:
 - Level 15.0 Fighting
 + Level 11.7 Maces & Flails
 - Level 15.0 Dodging
 - Level 1.7 Stealth
 - Level 4.0 Shields
 + Level 13.4 Spellcasting
 - Level 4.0 Conjurations
 - Level 4.0 Summonings
 + Level 19.4 Ice Magic
 - Level 4.0 Air Magic


You had 15 spell levels left.
You knew the following spells:

 Your Spells              Type           Power        Failure   Level  Hunger
a - Ozocubu's Armour      Chrm/Ice       ######..     1%          3    None
u - Hailstorm             Conj/Ice       ######..     1%          4    None
x - Summon Ice Beast      Ice/Summ       ######..     1%          4    None
y - Frozen Ramparts       Ice            ######       0%          3    None
z - Ozocubu's Refrigerat  Ice            #######...   1%          6    #####..
C - Freeze                Ice            ####         0%          1    None
X - Freezing Cloud        Conj/Ice/Air   ######....   4%          6    #####..

Your spell library contained the following spells:

 Spells                   Type           Power        Failure   Level  Hunger
 Iron Shot                Conj/Erth      ###.......   54%         6    #####..
 Shock                    Conj/Air       ####         1%          1    None
 Mephitic Cloud           Conj/Pois/Air  ####....     1%          3    None
 Static Discharge         Conj/Air       ####....     1%          3    None
 Stone Arrow              Conj/Erth      ###...       1%          3    None
 Poisonous Vapours        Pois/Air       ###...       2%          2    None
 Swiftness                Chrm/Air       ###.....     2%          2    None
 Airstrike                Air            ####......   2%          4    None
 Ignite Poison            Fire/Tmut/Pois ###.....     3%          3    None
 Inner Flame              Hex/Fire       ###.....     3%          3    None
 Corona                   Hex            ###....      4%          1    None
 Sting                    Tmut/Pois      ###.         4%          1    None
 Passwall                 Tmut/Erth      ###.....     6%          2    None
 Slow                     Hex            ###.....     6%          2    None
 Sticks to Snakes         Tmut           ###.....     6%          2    None
 Lightning Bolt           Conj/Air       ####......   6%          5    ###....
 Olgreb's Toxic Radiance  Pois           ###.....     11%         4    None
 Portal Projectile        Hex/Tloc       ###...       12%         3    None
 Irradiate                Conj/Tmut      ###.......   13%         5    ###....
 Cause Fear               Hex            ###.......   36%         4    None
 Leda's Liquefaction      Hex/Erth       ###.......   36%         4    None
 Statue Form              Tmut/Erth      ###......    99%         6    #####..

Inventory:

Hand Weapons
 a - a +0 vampiric demon whip
 b - the +3 sling "Punk" (weapon) {acid, rCorr}

   It provides partial protection from all sources of acid and corrosion.
Missiles
 e - 4 curare-tipped darts {=f}
 g - 396 stones (quivered)
 h - 74 sling bullets
Armour
 D - a +2 robe of resistance (worn)
 H - a +1 cloak (worn)
 K - a +2 buckler (worn)
 T - a +0 pair of gloves (worn)
 X - a +2 helmet of intelligence (worn)
Jewellery
 i - the ring "Etsuz" {*Slow rPois Str+5 Dex+3 SInv}

   [ring of poison resistance]

   It affects your strength (+5).
   It affects your dexterity (+3).
   It protects you from poison.
   It lets you see invisible.
   It may slow you when you take damage.
 l - an uncursed ring of protection from cold
 n - the ring "Nualont" {AC+4 Stlth+}

   [ring of protection]

   It affects your AC (+4).
   It makes you more stealthy.
 t - the ring "Hiuhicet" {*Tele +Blink rN++ Dex+7}

   [ring of teleportation]

   It may teleport you next to monsters.
   It affects your dexterity (+7).
   It greatly protects you from negative energy.
   It lets you blink.
 w - an uncursed ring of stealth
 z - a +6 ring of dexterity
 A - an uncursed ring of poison resistance
 F - the ring of Tenenn {rN+ Str+4 Int-3 Dex+5}

   [ring of positive energy]

   It affects your strength (+4).
   It affects your intelligence (-3).
   It affects your dexterity (+5).
   It protects you from negative energy.
 M - a +4 ring of slaying (right hand)
 N - the ring of Noehamum (left hand) {+Blink Stlth+}

   [ring of stealth]

   It lets you blink.
   It makes you more stealthy.
 Q - the amulet of Yseuwk (around neck) {Reflect rElec rC- Dex+4 Slay+5 SH+5}

   [amulet of reflection]

   It shields you and reflects attacks.
   It affects your dexterity (+4).
   It affects your accuracy and damage with ranged weapons and melee attacks
   (+5).
   It makes you vulnerable to cold.
   It insulates you from electricity.
   It affects your SH (+5).
 Z - an uncursed ring of resist corrosion
Wands
 u - a wand of digging (12)
 y - a wand of disintegration (24)
 G - a wand of iceblast (40)
 O - a wand of enslavement (33)
 R - a wand of clouds (6)
Scrolls
 d - 16 scrolls of teleportation {@r4}
 f - 3 scrolls of immolation {!r}
 j - 4 scrolls of blinking
 k - 4 scrolls of fear
 m - 7 scrolls of amnesia
 s - 3 scrolls of fog
 v - 9 scrolls of remove curse
 J - 5 scrolls of magic mapping
 P - 2 scrolls of silence {!r}
Potions
 o - 2 potions of cancellation
 p - 7 potions of lignification {!q}
 q - 4 potions of haste {@q3}
 r - 9 potions of curing {@q1}
 x - 6 potions of heal wounds {@q2}
 B - 4 potions of ambrosia
 E - a potion of magic
 I - 3 potions of flight
 L - a potion of might
 W - a potion of berserk rage {unknown}
Comestibles
 c - 22 rations

Dungeon Overview and Level Annotations

Branches:
Dungeon (15/15)            Temple (1/1) D:6            Lair (6/6) D:9
 Shoals (0/4) Lair:2        Snake (0/4) Lair:2        Slime (0/5) Lair:6
    Orc (2/2) D:10            Elf (1/3) Orc:2        Vaults (0/5) D:13
 Depths (0/5) D:15        Desolation (visited)

Altars:
Ashenzari
Cheibriados
Dithmenos
Elyvilon
Fedhas
Gozag
Hepliaklqana
Kikubaaqudgha
Makhleb
Nemelex Xobeh
Okawaru
Qazlal
Ru
Sif Muna
Trog
Uskayaw
Vehumet
Wu Jian
Xom
Yredelemnul
Zin
The Shining One
Beogh
Jiyva

Shops:
D:5 !:?(   D:7 =   D:14 [   D:15 *   Orc:2 *(!:

Portals:
Pandemonium: Orc:2

,░░ ░░,,,,...▒▒,.e,,,,,,░
,,░░▒▒.....,...▒,..,,,,,,░
,,,,,'.....,....,.▒░░░░░░░
,,░░░░.....,,..▒░e▒░░,,░░
,░░ ░░....,,...,.▒░,,,,░░
░░ ░░...,,▒.▒▒)▒,,,,,,░ ░
░░..,░▒..,.▒,,,,,,░ ░
░▒'▒░▒.▒▒(▒▒,,,,░░ ░ ▒▒▒▒▒
▒▒(▒▒▒)eF(.▒░,,░░
▒▒▒...▒▒▒..(()(▒▒...▒++░░
...▒▒▒.▒▒..▒▒▒▒▒,..e....░
▒.▒▒ ▒▒.▒...▒▒▒░,.▒.....▒
.▒▒ ▒▒......▒▒░,....▒.(▒ .▒
▒..^....▒▒░,..,....▒░░ .▒▒
▒........▒░░''▒,..▒▒,░ ▒.▒▒
▒........▒░░..▒░....,░
▒..▒▒▒.▒......▒░,...░░.▒▒,░


You could see a deep elf annihilator, 2 deep elf archers and a deep elf knight.


Message History

The deep elf archer resists.
The deep elf archer is moderately wounded.
The deep elf knight shouts!
The deep elf knight is heavily wounded.
The deep elf mage is almost dead.
You hear a shout!
You hear a shout!
A deep elf knight comes into view. It is wielding a +0 long sword.
Unknown command.
Unknown command.
The heat is drained from your surroundings.
You feel very cold. The monsters around you are frozen!
The deep elf annihilator is almost dead.
The deep elf archer resists.
The deep elf archer is heavily wounded.
You kill the deep elf knight!
Vehumet accepts your kill.
The deep elf archer is almost dead.
You kill the deep elf mage!
Vehumet accepts your kill.
The deep elf knight is severely wounded.
You are starving!
The deep elf archer points at you and mumbles some strange words.
You feel yourself slow down.
The deep elf archer unwields a +0 short sword.
The deep elf archer wields a +0 shortbow.
The deep elf archer shoots an arrow.
The arrow hits you!!
You die...

Action                   |  1- 3 |  4- 6 |  7- 9 | 10-12 | 13-15 | 16-18 || total
-------------------------+-------+-------+-------+-------+-------+-------++-------
Melee: Unarmed           |    15 |       |       |       |       |       ||    15
       Scimitar          |       |     7 |    35 |   250 |    16 |       ||   308
       Demon whip        |       |       |       |       |    17 |   119 ||   136
 Fire: Hunting sling     |    86 |   136 |   103 |    55 |       |       ||   380
       Fustibalus        |       |       |       |    90 |   662 |   384 ||  1136
Throw: Stone             |       |       |       |     3 |       |       ||     3
 Cast: Freeze            |    29 |    45 |    73 |   191 |   239 |    11 ||   588
       Frozen Ramparts   |       |     8 |    25 |    51 |    76 |     9 ||   169
       Ozocubu's Armour  |       |     1 |    12 |    46 |    47 |    18 ||   124
       Summon Ice Beast  |       |       |     5 |    15 |    16 |       ||    36
       Hailstorm         |       |       |       |     6 |    24 |       ||    30
       Freezing Cloud    |       |       |       |       |     4 |     1 ||     5
       Ozocubu's Refrige |       |       |       |       |    24 |    79 ||   103
 Abil: Hop               |       |       |       |     2 |     1 |     1 ||     4
Evoke: Wand              |       |       |       |       |     8 |       ||     8
  Use: Scroll            |       |       |    10 |     7 |     5 |     3 ||    25
       Potion            |       |       |       |     1 |       |     1 ||     2
 Stab: Distracted        |       |       |       |     1 |       |       ||     1
       Sleeping          |       |       |       |     1 |       |     1 ||     2
  Eat: Chunk             |     3 |    12 |    18 |    31 |    47 |    22 ||   133
       Ration            |       |       |       |     1 |     3 |     5 ||     9
Armor: Robe              |    12 |    21 |    33 |   107 |   112 |    45 ||   330
       Skin              |       |       |       |       |     1 |       ||     1
Dodge: Dodged            |    38 |    39 |    90 |   366 |   439 |   237 ||  1209
Block: Buckler           |       |       |       |   134 |   197 |   185 ||   516
       Reflection        |       |       |       |       |    11 |    13 ||    24
       Rpst.: Scimitar   |       |     3 |    11 |    89 |    13 |       ||   116

Levels and vault maps discovered:
D:1:      nicolae_arrival_somewhat_less_tricky_arrival, layout_loops_ring
D:2:      layout_rooms
D:3:      layout_basic, st_stairs_5
D:4:      layout_basic, bloody_makhleb, first_ration, uniq_blork_the_orc,
          uniq_robin
D:5:      layout_basic, serial_shops, nicolae_shop_competitors_out_of_business,
          shop, shop, kennysheep_mini, minivault_5, roderic_roman_lattice,
          elyvilon_altar_4
D:6:      layout_layer_cave, grunt_temple_overflow_open,
          minmay_temple_entry_gardened_gates, kennysheep_slug_shrine,
          uniq_crazy_yiuf_cottage
D:7:      layout_basic, serial_shops, shop
D:8:      layout_loops_ring, uniq_psyche, uniq_pikel, uniq_maurice, uniq_maggie
D:9:      layout_irregular_city, due_lair_maze_entry_diamond, uniq_gastronok
D:10:     layout_gridville, zombieorc1_lemuel, uniq_harold
D:11:     layout_basic
D:12:     layout_rooms, the_bakery, drop_trap, minmay_misc_feat_encased,
          hex_medium, uniq_rupert
D:13:     layout_irregular_city, david_vaults_1
D:14:     layout_irregular_city, serial_shops, shop, hangedman_decor_lopped,
          minivault_25, fake_guardian_serpent_vault
D:15:     grunt_enter_depths_magical_seal, layout_loops_cross, serial_shops,
          shop, nicolae_qazlal_general_emergency, uniq_nessos, uniq_azrael
Temple:   compressed_dpeg_circular_temple
Lair:1:   beast_lair_carwin_large_1, layout_gridlike
Lair:2:   layout_cave_pods, elwin_shoals_entry_rocks,
          guppyfry_snake_entry_island, cheibrodos_lair_caveside_slide,
          st_stairs_9
Lair:3:   lemuel_reptile_caves, layout_loops_ring, lemuel_fruit_fields
Lair:4:   layout_regular_city, infiniplex_staircase_pool, serial_bayou_shore_b
Lair:5:   layout_hall_layers
Lair:6:   wormcave, layout_regular_city, hangedman_lair_in_review, slime_altar_1
Orc:1:    layout_caves, biasface_ghost_orc_armoury, uniq_erolcha, uniq_nergalle
Orc:2:    pf_orc_diabolical, layout_caves
Elf:1:    elf_arrival_001, layout_loops_corners, portal_desolation_entry_ruin,
          hangedman_elf_represent, drop_trap, hex_tiny

Notes
Turn   | Place    | Note
-------+----------+-------------------------------------------
     0 | D:1      | sanka the Barachi Ice Elementalist began the quest for the
                  | Orb.
     0 | D:1      | Reached XP level 1. HP: 13/13 MP: 3/3
   168 | D:1      | Reached skill level 5 in Ice Magic
   168 | D:1      | Reached XP level 2. HP: 3/19 MP: 0/5
   722 | D:1      | Reached XP level 3. HP: 24/24 MP: 7/7
   761 | D:1      | Reached skill level 3 in Spellcasting
  1540 | D:2      | Learned a level 3 spell: Frozen Ramparts
  1544 | D:2      | Learned a level 3 spell: Ozocubu's Armour
  1581 | D:2      | Reached skill level 6 in Ice Magic
  1658 | D:2      | Reached XP level 4. HP: 30/30 MP: 3/8
  2840 | D:3      | Reached skill level 7 in Ice Magic
  2840 | D:3      | Reached XP level 5. HP: 20/35 MP: 3/9
  3287 | D:4      | Found a burning altar of Makhleb.
  3291 | D:4      | Upgraded the game from 0.26-a0-64-g059e62fbdb to
                  | 0.26-a0-67-g850bfe61e3
  3520 | D:4      | Noticed Blork the orc
  3549 | D:4      | Killed Blork the orc
  3549 | D:4      | Reached skill level 8 in Ice Magic
  3549 | D:4      | Reached XP level 6. HP: 7/41 MP: 4/10
  3814 | D:4      | Learned a level 4 spell: Summon Ice Beast
  4105 | D:4      | Noticed Robin
  4113 | D:4      | Killed Robin
  4486 | D:5      | Entered Level 5 of the Dungeon
  4890 | D:5      | Reached skill level 9 in Ice Magic
  4972 | D:5      | Found a white marble altar of Elyvilon.
  5014 | D:5      | Found Kokuxoc's Book Emporium.
  5033 | D:5      | Reached XP level 7. HP: 46/46 MP: 11/11
  5035 | D:5      | Found Deet's Antique Weapon Shop.
  5234 | D:5      | Found Efeprach's Distillery.
  5510 | D:5      | Found Uclowk's Magic Scroll Emporium.
  5627 | D:5      | Bought a potion of haste for 130 gold pieces
  5627 | D:5      | Bought a potion of heal wounds for 65 gold pieces
  5627 | D:5      | Bought a potion of curing for 39 gold pieces
  5639 | D:5      | Bought a scroll of teleportation for 36 gold pieces
  5639 | D:5      | Bought a scroll of identify for 24 gold pieces
  5668 | D:6      | Found a hide-covered altar of Uskayaw.
  5668 | D:6      | Found an iron altar of Okawaru.
  5668 | D:6      | Found a white marble altar of Elyvilon.
  5671 | D:6      | Reached skill level 10 in Ice Magic
  5996 | D:6      | Reached skill level 1 in Summonings
  5996 | D:6      | Reached XP level 8. HP: 44/52 MP: 7/12
  6231 | D:6      | Found a staircase to the Ecumenical Temple.
  6237 | Temple   | Entered the Ecumenical Temple
  6288 | Temple   | Became a worshipper of Vehumet
  6317 | D:6      | Reached skill level 11 in Ice Magic
  6384 | D:6      | Reached skill level 2 in Summonings
  6543 | D:6      | HP: 4/52 [wight/+0 great sword (3)]
  6546 | D:6      | Reached skill level 4 in Spellcasting
  6825 | D:6      | Found a snail-covered altar of Cheibriados.
  6916 | D:5      | Bought a potion of lignification for 39 gold pieces
  7040 | D:6      | Found a runed translucent door.
  7041 | D:6      | Noticed Crazy Yiuf
  7048 | D:6      | Killed Crazy Yiuf
  7048 | D:6      | Reached skill level 3 in Summonings
  7836 | D:7      | Found Iblainu's Jewellery Boutique.
  7902 | D:7      | Reached skill level 4 in Summonings
  7908 | D:7      | Learned a level 4 spell: Hailstorm
  7993 | D:7      | Reached skill level 1 in Fighting
  8116 | D:7      | Reached XP level 9. HP: 54/61 MP: 16/16
  8164 | D:7      | Reached skill level 2 in Fighting
  8164 | D:7      | Reached skill level 3 in Dodging
  8164 | D:7      | Reached skill level 5 in Spellcasting
  8858 | D:8      | Noticed Maurice
  8871 | D:8      | Killed Maurice
  8871 | D:8      | Reached skill level 3 in Fighting
  8871 | D:8      | Reached skill level 4 in Dodging
  8871 | D:8      | Reached skill level 12 in Ice Magic
  8897 | D:8      | Identified +0 steam dragon scales
  8897 | D:8      | Noticed Maggie
  8909 | D:8      | Killed Maggie
  8909 | D:8      | Reached skill level 4 in Fighting
  8935 | D:8      | Noticed Pikel
  8943 | D:8      | Killed Pikel
  8943 | D:8      | Reached skill level 5 in Dodging
  8944 | D:8      | Reached skill level 5 in Fighting
  9113 | D:8      | Reached * piety under Vehumet
  9113 | D:8      | Offered knowledge of Sandblast by Vehumet.
  9271 | D:8      | Identified a +2 robe of resistance
  9271 | D:8      | Noticed Psyche
  9280 | D:8      | Killed Psyche
  9280 | D:8      | Reached skill level 6 in Dodging
  9280 | D:8      | Reached skill level 6 in Spellcasting
  9280 | D:8      | Reached XP level 10. HP: 52/76 MP: 8/19
  9681 | D:9      | HP: 7/76 [killer bee zombie (7)]
  9682 | D:9      | Reached skill level 6 in Fighting
 10092 | D:9      | Found a staircase to the Lair.
 10150 | D:9      | Reached skill level 7 in Fighting
 10239 | D:9      | Reached skill level 7 in Dodging
 10688 | D:9      | Noticed Gastronok
 10712 | D:9      | Killed Gastronok
 10712 | D:9      | Reached skill level 8 in Fighting
 10712 | D:9      | Reached skill level 2 in Shields
 10718 | D:9      | Reached skill level 8 in Dodging
 10976 | D:10     | Entered Level 10 of the Dungeon
 10985 | D:10     | Reached XP level 11. HP: 87/87 MP: 14/21
 10989 | D:10     | Noticed Harold
 11046 | D:10     | HP: 2/87 [Harold/+0 halberd (22)]
 11050 | D:10     | Killed Harold
 11050 | D:10     | Reached skill level 7 in Spellcasting
 11065 | D:10     | Reached skill level 13 in Ice Magic
 11067 | D:10     | Reached ** piety under Vehumet
 11067 | D:10     | Offered knowledge of Magic Dart by Vehumet.
 11473 | D:10     | Reached skill level 3 in Shields
 11500 | D:10     | Reached skill level 9 in Fighting
 11778 | D:10     | Noticed a two-headed ogre
 11797 | D:10     | Killed a two-headed ogre
 11798 | D:10     | Identified the amulet of Wishful Thinking {Faith *Corrode
                  | Str+4}
 12034 | D:10     | Noticed a centaur warrior
 12111 | D:10     | Offered knowledge of Searing Ray by Vehumet.
 12126 | D:10     | Found a staircase to the Orcish Mines.
 12195 | D:10     | Reached *** piety under Vehumet
 12235 | D:10     | Reached skill level 9 in Dodging
 12257 | D:10     | Noticed a two-headed ogre
 12267 | D:10     | Killed a two-headed ogre
 12508 | D:10     | Killed a centaur warrior
 12508 | D:10     | Reached skill level 4 in Shields
 12679 | D:10     | Offered knowledge of Inner Flame by Vehumet.
 13111 | D:11     | Reached skill level 10 in Fighting
 13216 | D:11     | Noticed a cyclops
 13236 | D:11     | Noticed a six-headed hydra
 13238 | D:11     | Killed a cyclops
 13243 | D:11     | Killed a six-headed hydra
 13243 | D:11     | Reached skill level 1 in Conjurations
 13425 | D:11     | Found the +3 sling "Punk" {acid, rCorr}
 13452 | D:11     | Noticed a red ugly thing
 13459 | D:11     | Killed a red ugly thing
 13702 | D:11     | Reached skill level 10 in Dodging
 13811 | D:11     | Reached **** piety under Vehumet
 13813 | D:11     | Reached skill level 2 in Conjurations
 13813 | D:11     | Reached XP level 12. HP: 97/99 MP: 19/23
 13815 | D:11     | Reached skill level 8 in Spellcasting
 14125 | D:11     | Offered knowledge of Sticky Flame by Vehumet.
 14423 | Lair:1   | Entered Level 1 of the Lair of Beasts
 14423 | Lair:1   | Noticed a five-headed hydra
 14432 | Lair:1   | Killed a five-headed hydra
 14432 | Lair:1   | Reached skill level 11 in Fighting
 14432 | Lair:1   | Reached skill level 3 in Conjurations
 14912 | Lair:1   | Reached skill level 11 in Dodging
 15512 | Lair:2   | Reached skill level 4 in Conjurations
 15553 | Lair:2   | Noticed an eight-headed hydra
 15564 | Lair:2   | Killed an eight-headed hydra
 15672 | Lair:2   | Reached skill level 12 in Fighting
 15805 | Lair:2   | Found a staircase to the Shoals.
 16032 | Lair:2   | Reached ***** piety under Vehumet
 16097 | Lair:2   | Learned a level 4 spell: Sticky Flame
 16103 | Lair:2   | Found a staircase to the Snake Pit.
 16155 | Lair:2   | Offered knowledge of Freezing Cloud by Vehumet.
 16163 | Lair:2   | Learned a level 6 spell: Freezing Cloud
 17190 | Lair:3   | Noticed a death yak
 17190 | Lair:3   | Noticed a death yak
 17191 | Lair:3   | Noticed a death yak
 17191 | Lair:3   | Noticed a death yak
 17197 | Lair:3   | Killed a death yak
 17197 | Lair:3   | Reached skill level 1 in Air Magic
 17199 | Lair:3   | Killed a death yak
 17199 | Lair:3   | Reached skill level 12 in Dodging
 17199 | Lair:3   | Gained mutation: You can hop long distances. [Barachi
                  | growth]
 17199 | Lair:3   | Reached XP level 13. HP: 109/109 MP: 5/25
 17199 | Lair:3   | Reached skill level 2 in Air Magic
 17503 | Lair:3   | Reached skill level 13 in Fighting
 18723 | Lair:4   | Reached skill level 3 in Air Magic
 19430 | Lair:5   | Offered knowledge of Olgreb's Toxic Radiance by Vehumet.
 20417 | Lair:5   | Reached skill level 13 in Dodging
 20417 | Lair:5   | Reached skill level 9 in Spellcasting
 20417 | Lair:5   | Reached skill level 4 in Air Magic
 20421 | Lair:5   | Reached skill level 14 in Ice Magic
 20827 | Lair:6   | Entered Level 6 of the Lair of Beasts
 20899 | Lair:6   | Reached skill level 14 in Fighting
 21101 | Lair:6   | Reached XP level 14. HP: 101/120 MP: 23/27
 21387 | Lair:6   | Found a staircase to the Slime Pits.
 21390 | Lair:6   | Found a viscous altar of Jiyva.
 21729 | Lair:6   | Got a shimmering chain mail
 21740 | Lair:6   | Identified the +7 chain mail of Sin {Int+3 SInv} (You found
                  | it on level 6 of the Lair of Beasts)
 22231 | Lair:6   | Noticed a dire elephant
 22249 | Lair:6   | Offered knowledge of Lee's Rapid Deconstruction by Vehumet.
 22251 | Lair:6   | Killed a dire elephant
 22350 | Lair:6   | Identified the Guide on Shifting Confrontation
 22450 | Lair:6   | Reached skill level 14 in Dodging
 22734 | Lair:6   | Found a runed translucent door.
 22744 | Lair:6   | Reached skill level 15 in Fighting
 23091 | Lair:6   | Reached skill level 10 in Spellcasting
 23845 | Orc:1    | Entered Level 1 of the Orcish Mines
 23845 | Orc:1    | Noticed Nergalle
 24366 | D:10     | Killed Nergalle
 24714 | Orc:1    | Noticed Erolcha
 24721 | Orc:1    | Killed Erolcha
 24927 | Orc:2    | Entered Level 2 of the Orcish Mines
 25087 | Orc:2    | Offered knowledge of Ozocubu's Refrigeration by Vehumet.
 25155 | Orc:2    | Found Tewyish's General Store.
 25158 | Orc:2    | Found Cumiz's Distillery.
 25187 | Orc:2    | Reached skill level 15 in Ice Magic
 25375 | Orc:2    | Reached XP level 15. HP: 86/129 MP: 26/29
 25537 | Orc:2    | Reached skill level 15 in Dodging
 25728 | Orc:2    | Learned a level 6 spell: Ozocubu's Refrigeration
 26044 | Orc:2    | Reached skill level 11 in Spellcasting
 26517 | Orc:2    | Found a staircase to the Elven Halls.
 26803 | Orc:2    | Found Neppaor's Antique Weapon Shoppe.
 26803 | Orc:2    | Found Goocing's Book Emporium.
 26804 | Orc:2    | Found a one-way gate leading to the halls of Pandemonium.
 26842 | Orc:2    | Bought a potion of heal wounds for 70 gold pieces
 26842 | Orc:2    | Bought a potion of heal wounds for 70 gold pieces
 26842 | Orc:2    | Bought a potion of cancellation for 112 gold pieces
 26844 | Orc:2    | Bought a potion of heal wounds for 70 gold pieces
 27142 | Orc:1    | Identified the cursed +1 broad axe of Uncertain Death
                  | {pain, rElec Str+2 Dex+3}
 27142 | Orc:1    | Noticed Busav's ghost (journeyman KoEE)
 27144 | Orc:1    | Found a runed translucent gate.
 27145 | Orc:1    | Found a runed translucent gate.
 27145 | Orc:1    | Found a runed translucent gate.
 27176 | Orc:1    | Found a roughly hewn altar of Beogh.
 27195 | Orc:1    | Offered knowledge of Iskenderun's Battlesphere by Vehumet.
 27196 | Orc:1    | Killed Busav's ghost
 27197 | Orc:1    | Reached ****** piety under Vehumet
 27197 | Orc:1    | Reached skill level 16 in Ice Magic
 27563 | D:7      | Bought the amulet of Yseuwk {Reflect rElec rC- Dex+4 Slay+5
                  | SH+5} for 796 gold pieces
 27722 | D:12     | Noticed Rupert
 27731 | D:12     | Killed Rupert
 27731 | D:12     | Reached skill level 1 in Maces & Flails
 28005 | D:12     | Reached skill level 2 in Maces & Flails
 28743 | D:13     | Found a gate to the Vaults.
 28747 | D:13     | Reached skill level 3 in Maces & Flails
 28747 | D:13     | Reached skill level 12 in Spellcasting
 28862 | D:13     | Identified a scarf of resistance (You found it on level 13
                  | of the Dungeon)
 29250 | D:13     | Reached skill level 4 in Maces & Flails
 29386 | D:14     | Found Xapt's Armour Shop.
 29803 | D:14     | Reached skill level 5 in Maces & Flails
 30330 | D:15     | Entered Level 15 of the Dungeon
 30339 | D:15     | Reached XP level 16. HP: 118/136 MP: 32/32
 30349 | D:15     | Reached skill level 17 in Ice Magic
 30438 | D:15     | Reached skill level 6 in Maces & Flails
 30520 | D:15     | Offered knowledge of Fireball by Vehumet.
 30523 | D:15     | Reached skill level 7 in Maces & Flails
 30566 | D:15     | Noticed Nessos
 30569 | D:15     | Killed Nessos
 30921 | D:15     | Reached skill level 8 in Maces & Flails
 31183 | D:15     | Found a staircase to the Depths.
 31250 | D:15     | Reached skill level 18 in Ice Magic
 31640 | D:15     | Found Bumul's General Store.
 31646 | D:15     | Bought a scroll of fog for 24 gold pieces
 31700 | D:15     | Reached skill level 9 in Maces & Flails
 31859 | D:15     | Found a stormy altar of Qazlal.
 32027 | D:15     | Noticed Azrael
 32033 | D:15     | Killed Azrael
 32129 | D:14     | Upgraded the game from 0.26-a0-67-g850bfe61e3 to
                  | 0.26-a0-70-g31f1466007
 32266 | Elf:1    | Entered Level 1 of the Elven Halls
 32593 | Elf:1    | Found a ruined gateway.
 32605 | Desolati | Entered the Desolation of Salt
 33402 | Desolati | Reached skill level 10 in Maces & Flails
 33864 | Desolati | Got a crude golden ring
 33866 | Desolati | Identified the ring "Etsuz" {*Slow rPois Str+5 Dex+3 SInv}
                  | (You found it in the Desolation of Salt)
 33878 | Desolati | Got a faintly glowing iron ring
 33880 | Desolati | Identified the ring "Nualont" {AC+4 Stlth+} (You found it
                  | in the Desolation of Salt)
 33959 | Desolati | Reached XP level 17. HP: 130/142 MP: 33/33
 34789 | Desolati | Reached skill level 19 in Ice Magic
 34932 | Desolati | Reached skill level 11 in Maces & Flails
 34934 | Desolati | Reached skill level 13 in Spellcasting
 35485 | Desolati | Got a faintly glowing falchion
 35486 | Desolati | Identified the +4 falchion "Edad" {pain, MR+ Int+3} (You
                  | found it in the Desolation of Salt)
 35492 | Desolati | Got a citrine-encrusted ring mail
 35503 | Desolati | Identified the +3 ring mail of Time Monsters {+Inv rPois
                  | Str-2 Dex+5} (You found it in the Desolation of Salt)
 35516 | Desolati | Got a coiled tin ring
 35518 | Desolati | Identified the ring "Hiuhicet" {*Tele +Blink rN++ Dex+7}
                  | (You found it in the Desolation of Salt)
 35752 | Desolati | Offered knowledge of Iron Shot by Vehumet.
 36294 | Desolati | Got a steaming turquoise ring
 36296 | Desolati | Identified the ring of Tenenn {rN+ Str+4 Int-3 Dex+5} (You
                  | found it in the Desolation of Salt)
 36299 | Desolati | Got a fine lapis lazuli ring
 36301 | Desolati | Identified the ring of Noehamum {+Blink Stlth+} (You found
                  | it in the Desolation of Salt)
 36498 | Elf:1    | HP: 4/142 [deep elf archer/arrow (13)]
 36500 | Elf:1    | Shot with an arrow by a deep elf archer

Vanquished Creatures
  2 imperial myrmidons (Desolation)
  The ghost of Busav the Earth Mage, a journeyman KoEE of Vehumet (Orc:1)
  Nessos (D:15)
  2 halazid warlocks (Desolation)
  Azrael (D:15)
  A dire elephant (Lair:6)
  2 crystal guardians (Desolation)
  10 ragged hierophants (Desolation)
  Erolcha (Orc:1)
  7 hydras
  An ice dragon (Lair:6)
  4 servants of whispers (Desolation)
  8 peacekeepers (Desolation)
  A catoblepas (Lair:6)
  3 death knights
  17 two-headed ogres
  3 centaur warriors
  5 death yaks
  2 ogre magi (D:15)
  7 orc high priests (Orc:2)
  3 tengu warriors
  Nergalle (D:10)
  A deep elf knight (Elf:1)
  3 skeletal warriors (D:15)
  A sixfirhy (Orc:2)
  A gelid demonspawn (Orc:2)
  4 ironbrand convokers (Desolation)
  2 torturous demonspawn (Orc:2)
  An unseen horror (D:14)
  4 wizards
  A deep elf archer (Elf:1)
  A phantasmal warrior (D:15)
  9 orc knights
  4 lindwurms (Lair:6)
  A wolf spider zombie (D:14)
  13 deep elf magi (Elf:1)
  5 orc sorcerers (Orc:2)
  4 manticores
  15 ugly things
  13 elephants
  A naga mage (D:15)
  A centaur zombie (D:11)
  3 molten gargoyles (Desolation)
  4 guardian serpents
  An orange demon (Orc:2)
  5 torpor snails (Lair:6)
  A gargoyle (D:14)
  A black mamba (Lair:6)
  Psyche (D:8)
  A smoke demon (Orc:2)
  Maggie (D:8)
  A yaktaur (shapeshifter) (D:13)
  9 spiny frogs
  An efreet (D:13)
  10 komodo dragons
  4 rime drakes
  2 polar bears
  A red devil (Orc:2)
  A hellwing (Orc:2)
  4 trolls
  7 hornets
  3 tyrant leeches (Lair:6)
  50 saltlings (Desolation)
  6 blink frogs
  7 hippogriffs
  7 slime creatures (D:14)
  2 dream sheep (Lair:6)
  8 wraiths
  A vampire (D:12)
  A spriggan (D:12)
  2 shadows
  28 yaks
  2 hungry ghosts
  2 fire elementals (D:15)
  A human (shapeshifter) (D:13)
  A wyvern (D:13)
  A basilisk (shapeshifter) (D:14)
  4 basilisks
  2 chaos spawn (Orc:2)
  4 vampire mosquitoes (D:15)
  2 nagas (Lair:2)
  A warg (D:10)
  2 acid dragons
  2 hell hounds (D:15)
  4 porcupines
  29 water moccasins
  2 ice beasts
  A hornet zombie (D:15)
  A slave (D:8)
  29 orc warriors
  3 sky beasts
  4 black bears
  2 eyes of draining
  10 ogres
  A necrophage (D:11)
  11 wolves
  A phantom (D:9)
  17 crocodiles
  14 centaurs
  Blork the orc (D:4)
  25 bullfrogs
  2 big kobolds (D:12)
  A gnoll sergeant (D:6)
  A wyvern zombie (D:11)
  A water moccasin zombie (D:7)
  A wyvern skeleton (D:10)
  4 scorpions
  2 troll zombies (D:10)
  3 killer bees (D:10)
  13 wights
  An electric eel (Lair:3)
  A howler monkey (D:5)
  4 crimson imps
  2 quasits
  7 hounds
  3 jellies
  Crazy Yiuf (D:6)
  A gnoll shaman (Orc:1)
  A bullfrog zombie (D:10)
  7 centaur skeletons
  27 orc priests
  21 orc wizards
  6 hell rats (Lair:5)
  5 iguanas
  3 worker ants
  A killer bee zombie (D:9)
  3 ogre zombies (D:10)
  A hound zombie (D:9)
  2 hound skeletons (D:11)
  A worker ant zombie (D:5)
  A howler monkey zombie (D:5)
  Robin (D:4)
  19 gnolls
  19 adders
  3 shadow imps
  2 oozes
  An adder zombie (D:5)
  An adder skeleton (D:6)
  3 worms
  5 dart slugs
  4 leopard geckos
  91 orcs
  6 giant cockroaches
  18 goblins
  14 hobgoblins
  6 jackals
  18 kobolds
  2 quokkas
  2 ball pythons (D:1)
  A ball python skeleton (D:4)
  12 bats
  5 frilled lizards
  A goblin skeleton (D:10)
  2 hobgoblin zombies (D:10)
  A jackal skeleton (D:4)
  3 orc skeletons (D:10)
  13 orc zombies (D:10)
  12 rats
  A butterfly (Lair:3)
  A fungus (Lair:4)
  2 plants
916 creatures vanquished.

Vanquished Creatures (collateral kills)
  Rupert (D:12)
  Gastronok (D:9)
  Harold (D:10)
  A hydra (D:11)
  4 death yaks (Lair:5)
  Pikel (D:8)
  Maurice (D:8)
  A cyclops (D:11)
  An elephant (Lair:5)
  A hungry ghost (D:10)
  A phantom (D:10)
  2 ogres
  A centaur (D:10)
  A wight (D:6)
  A bullfrog zombie (D:6)
19 creatures vanquished.

Vanquished Creatures (others)
  An orc priest (Orc:2)
  An orc (D:5)
  A kobold (D:12)
  A quokka (D:5)
  13 fungi
  18 plants
35 creatures vanquished.

Grand Total: 970 creatures vanquished
